 Dungeon Crawl Stone Soup version 0.30-a0-852-g08b95dd62f (webtiles) character file.

Game seed: 15597708386070718671

223 demibob the Poker (level 5, -1/33 (35) HPs)
             Began as a Demonspawn Wanderer on Mar 5, 2023.
             Slain by a gnoll
             ... wielding a +0 spear
              (3 damage)
             ... on level 3 of the Dungeon.
             The game lasted 00:03:28 (3413 turns).

demibob the Poker (Demonspawn Wanderer)             Turns: 3413, Time: 00:03:28

HP:   -1/33 (35)    AC: 10    Str: 14    XL:     5   Next: 66%
MP:   8/8           EV:  8    Int: 12    God:
Gold: 125           SH:  5    Dex: 14    Spells: 7/8 levels left

rFire   . . .      SeeInvis .    a - +1 spear
rCold   . . .      Faith    .    b - +0 buckler
rNeg    . . .      Spirit   .    e - +0 scale mail
rPois   .          Reflect  .    (no helmet)
rElec   .          Rampage  .    (no cloak)
rCorr   .                        (no gloves)
Will    .....                    g - +1 pair of boots Stlth
                                 (no amulet)
HPRegen 0.25/turn                (no ring)
MPRegen 0.11/turn                (no ring)

@: drained
A: molten scales 1, ignite blood 1, demonic magic 1, demonic touch 1
a: no special abilities


You were on level 3 of the Dungeon.
You visited 1 branch of the dungeon, and saw 3 of its levels.

You collected 125 gold pieces.


Innate Abilities, Weirdness & Mutations

You are partially covered in molten scales. (AC +2)
Your demonic aura sometimes causes spilled blood to erupt in flames.
Spells you cast may paralyse adjacent enemies.
Your touch may inflict minor irresistible damage on your foes.


   Skills:
 * Level 4.3 Polearms
 - Level 1.0 Armour
 - Level 1.0 Stealth
 + Level 2.9 Shields
 - Level 2.0 Spellcasting
 - Level 2.6 Earth Magic
 - Level 1.0 Evocations


You had 7 spell levels left.
You knew the following spells:

 Your Spells              Type           Power      Damage    Failure   Level
z - Sandblast             Erth           14%        2d6       47%         1

Your spell library contained the following spells:

 Spells                   Type           Power      Damage    Failure   Level
 Passwall                 Tmut/Erth      3%         N/A       80%         2
 Leda's Liquefaction      Hex/Erth       2%         N/A       100%        4

Inventory:

Hand Weapons
 a - a +1 spear (weapon)
Armour
 b - a +0 buckler (worn)
 d - a +0 pair of gloves
 e - a +0 scale mail (worn)
 g - a +1 pair of boots (worn)
Wands
 k - a wand of mindburst (20)
 l - a wand of light (6)
Scrolls
 f - 2 scrolls of teleportation {unknown}
 h - 3 scrolls of enchant weapon
 m - a scroll of poison {unknown}
 n - a scroll of blinking {unknown}
Potions
 c - a potion of brilliance
 i - a potion of magic
 j - a potion of flight

Dungeon Overview and Level Annotations

Branches:
Dungeon (3/15)

Altars:

≈≈≈≈≈≈≈≈≈≈≈≈≈≈▒▒▒▒▒
▒▒▒▒▒▒▒▒▒▒▒▒▒▒▒...▒
...▒▒ ▒▒......▒...▒
....▒▒▒.......▒.).▒
.....▒........▒▒)▒▒
.....▒.........).▒
.....'...........▒
.....▒....)....).▒
.....▒........▒▒@▒
....▒▒▒.......▒g$$▒
...▒▒ ▒▒....[.▒$$$▒
▒▒▒▒ ▒▒▒▒▒▒▒▒$$$▒
▒▒▒▒▒


You could see a gnoll.


Message History

You swing at nothing.
The gnoll barely misses you. The gnoll hits you but does no damage.
There is an open door, spattered with blood here.
Items here: ))) ††.
You hit the gnoll.
The gnoll is lightly wounded.
The gnoll hits you but does no damage.
You barely miss the gnoll.
The gnoll is lightly wounded.
The gnoll hits you but does no damage.
You barely miss the gnoll.
The gnoll is lightly wounded.
The gnoll hits you with a +0 spear.
* * * LOW HITPOINT WARNING * * *
You closely miss the gnoll.
The gnoll is lightly wounded.
You hit the gnoll.
The gnoll is heavily wounded.
The gnoll hits you with a +0 spear.
* * * LOW HITPOINT WARNING * * *
You hit the gnoll but do no damage.
The gnoll is heavily wounded.
The gnoll hits you but does no damage.
You hit the gnoll but do no damage.
The gnoll is heavily wounded.
The gnoll closely misses you.
You hit the gnoll.
The gnoll is severely wounded.
The gnoll hits you with a +0 spear.
You die...

Skill      XL: |  1  2  3  4  5 |
---------------+----------------+-----
Polearms       | 2 3 4 |  4.3
Shields        | 2 |  2.9
Armour         | |  1.0
Stealth        | |  1.0
Spellcasting   | |  2.0
Earth Magic    | |  2.6
Evocations     | |  1.0

Action                     |  1- 3 |  4- 6 || total
---------------------------+-------+-------++-------
  Melee: Spear             |   189 |   331 ||   520
    Use: Scroll            |     5 |       ||     5
         Potion            |       |     2 ||     2
   Stab: Sleeping          |     7 |       ||     7
 Armour: Robe              |    19 |       ||    19
         Scale mail        |    15 |   165 ||   180
  Dodge: Dodged            |    59 |   136 ||   195
  Block: Buckler           |    25 |    59 ||    84

Levels and vault maps discovered:
D:1:      psy_arrival_radial01, layout_basic
D:2:      layout_basic
D:3:      minmay_goblin_kobold_castle, layout_basic, nrook_campfire

Notes
Turn   | Place    | Note
-------+----------+-------------------------------------------
     0 | D:1      | demibob the Demonspawn Wanderer began the quest for the
                  | Orb.
     0 | D:1      | demibob set off with the following items: a +0 spear, a +0
                  | buckler, a potion of brilliance, a +0 robe; and the
                  | following spell memorised: Sandblast; and the following
                  | spells available to memorise: Passwall, Leda's
                  | Liquefaction.
     0 | D:1      | Reached XP level 1. HP: 13/13 MP: 3/3
    90 | D:1      | HP: 1/13 [hobgoblin (4)]
   193 | D:1      | Gained mutation: Spells you cast may paralyse adjacent
                  | enemies. [demonic ancestry]
   193 | D:1      | Reached XP level 2. HP: 6/19 MP: 5/5
   358 | D:1      | Reached skill level 2 in Polearms
  1157 | D:2      | Gained mutation: Your touch may inflict minor irresistible
                  | damage on your foes. [demonic ancestry]
  1157 | D:2      | Reached XP level 3. HP: 22/24 MP: 6/6
  2028 | D:3      | Reached skill level 2 in Shields
  2195 | D:3      | Reached skill level 3 in Polearms
  2195 | D:3      | Gained mutation: You are partially covered in molten
                  | scales. (AC +2) [demonic ancestry]
  2195 | D:3      | Reached XP level 4. HP: 9/30 MP: 7/7
  2894 | D:3      | Gained mutation: Your demonic aura sometimes causes spilled
                  | blood to erupt in flames. [demonic ancestry]
  2894 | D:3      | Reached XP level 5. HP: 31/35 MP: 8/8
  2953 | D:3      | Identified a potion of resistance
  3224 | D:3      | Reached skill level 4 in Polearms
  3410 | D:3      | HP: 2/33 [gnoll/+0 spear (3)]
  3413 | D:3      | Slain by a gnoll

Vanquished Creatures
  6 gnolls (D:3)
  2 adders
  3 dart slugs
  4 orcs (D:3)
  7 ball pythons
  4 endoplasms
  6 giant cockroaches
  32 goblins
  29 hobgoblins
  3 jackals (D:1)
  7 kobolds
  A quokka (D:2)
  4 bats
  A frilled lizard (D:3)
  3 rats
112 creatures vanquished.

Table legend: (Time is in decaauts)
 A = Elapsed time spent in this place.
 B = Non-inter-level travel time spent in this place.
 C = Inter-level travel time spent in this place.
 D = Time resting spent in this place.
 E = Time spent auto-exploring this place.
 F = Levels seen in this place.
 G = Mean time per level.
                   A        B        C        D        E       F      G
               +--------+--------+--------+--------+--------+-----+--------+
         Total |   3405 |   3318 |     87 |    415 |   2164 |   3 | 1135.0 |
       Dungeon |   3405 |   3318 |     87 |    415 |   2164 |   3 | 1135.0 |
               +--------+--------+--------+--------+--------+-----+--------+

Top non-repeatable levels by time:
     D:3: 1413 daAuts
     D:1: 1044 daAuts
     D:2: 947 daAuts

Table legend:
 A = Non-vault XP
 B = Vault XP
 C = Vault XP percentage of total XP
 D = Non-vault monster count
 E = Vault monster count
 F = Vault count percentage of total count
                 A         B        C        D         E       F
            +---------+---------+-------+---------+---------+-------
      Total |     131 |     188 |  58.9 |      54 |      58 |  51.8
            +---------+---------+-------+---------+---------+-------
        D:1 |      28 |       0 |   0.0 |      15 |       0 |   0.0
        D:2 |      46 |       0 |   0.0 |      18 |       0 |   0.0
        D:3 |      57 |     188 |  76.7 |      21 |      58 |  73.4
            +---------+---------+-------+---------+---------+-------
